 Dungeon Crawl Stone Soup version 0.17-a0-1778-gd369669 (webtiles) character file.

98 hexophile the Poker (level 4, -3/33 HPs)
             Began as a Merfolk Skald on Sept 8, 2015.
             Slain by an adder (4 damage)
             ... on level 3 of the Dungeon.
             The game lasted 00:03:16 (3362 turns).

hexophile the Poker (Merfolk Skald)                 Turns: 3362, Time: 00:03:17

Health: -3/33      AC:  3    Str: 12    XL:     4   Next: 69%
Magic:  7/7        EV: 11    Int: 12    God:
Gold:   188        SH:  0    Dex: 13    Spells: 2 memorised, 3 levels left

rFire  . . .     SeeInvis .     a - +0 spear
rCold  . . .     Clarity  .     b - +0 leather armour
rNeg   . . .     SustAt   .     (no shield)
rPois  .         Gourm    +     (no helmet)
rElec  .         Spirit   .     (no cloak)
rCorr  .         Warding  .     (no gloves)
rMut   .         Stasis   .     (no boots)
MR     .....                    m - amulet of the gourmand
Stlth  +.........               (no ring)
                                (no ring)

@: lethally poisoned (-3 -> -13), not resistant to hostile enchantments, very
unstealthy
A: change form in water, swift swim
a: no special abilities


You were on level 3 of the Dungeon.
You were completely stuffed.

You visited 1 branch of the dungeon, and saw 3 of its levels.

You collected 188 gold pieces.

Inventory:

Hand weapons
 a - a +0 spear (weapon)
Missiles
 e - 105 stones (quivered)
Armour
 b - a +0 leather armour (worn)
Jewellery
 m - an amulet of the gourmand (around neck)
Scrolls
 g - 2 scrolls of teleportation {unknown}
 i - a scroll of identify {unknown}
 j - 2 scrolls of remove curse {unknown}
 n - a scroll of fear {unknown}
 p - 2 scrolls of random uselessness {unknown}
Potions
 h - a potion of lignification {unknown}
 l - a potion of resistance {unknown}
 o - a potion of curing {unknown}
 q - 2 potions of magic {unknown}
Books
 c - a book of Battle

   Spells                             Type                      Level
   a - Infusion                       Charms                       1
   b - Shroud of Golubria             Charms/Translocation         2
   c - Song of Slaying                Charms                       2
   d - Spectral Weapon                Hexes/Charms                 3
   e - Regeneration                   Charms/Necromancy            3
Comestibles
 d - 3 bread rations
 f - a beef jerky
 k - a meat ration
 r - 2 chunks of flesh


   Skills:
 - Level 2.1 Fighting
 + Level 6.9 Polearms
 - Level 0.6 Armour
 - Level 1.3 Dodging
 - Level 2.0 Spellcasting
 - Level 3.2 Charms


You had 3 spell levels left.
You knew the following spells:

 Your Spells              Type           Power        Failure   Level  Hunger
a - Infusion              Chrm           #.....       12%         1    ##.....
b - Regeneration          Chrm/Necr      #.........   58%         3    ####...


Dungeon Overview and Level Annotations

Branches:
Dungeon (3/15)

Altars:


Message History

You feel sick. The adder bites you.
* * * LOW HITPOINT WARNING * * *
You are more poisoned.
The adder poisons you!
You hit the adder.
The adder is moderately wounded.
* * * LOW HITPOINT WARNING * * *
You feel sick. The adder barely misses you.
You closely miss the adder.
The adder is moderately wounded.
You hit the adder.
The adder is heavily wounded.
* * * LOW HITPOINT WARNING * * *
You feel sick. The adder bites you.
* * * LOW HITPOINT WARNING * * *
You barely miss the adder.
The adder is heavily wounded.
* * * LOW HITPOINT WARNING * * *
You feel sick. The adder bites you.
You die...

#.##.# #.##.#
## #.##.# ..
#.##.# .#
#.##.# .#
#.##.# .#
#.##.# .#
#.##.##.####.#
#....)@S.....#
#######.#.####
.# .. ..P


PPP. ..P## #..# You could see an adder.

Vanquished Creatures
  A worker ant zombie (D:3)
  An adder (D:2)
  An ooze (D:1)
  3 worms
  2 giant geckos
  An orc (D:1)
  4 giant cockroaches
  8 hobgoblins
  8 kobolds
  A quokka (D:2)
  A ball python (D:2)
  A ball python skeleton (D:3)
  3 bats
  A giant gecko zombie (D:3)
  5 giant newts
  4 goblins
  7 jackals
  A jackal zombie (D:3)
  8 rats
61 creatures vanquished.

Notes
Turn   | Place    | Note
--------------------------------------------------------------
     0 | D:1      | hexophile the Merfolk Skald began the quest for the Orb.
     0 | D:1      | Reached XP level 1. HP: 16/16 MP: 3/3
   205 | D:1      | Reached skill level 4 in Polearms
   205 | D:1      | Reached XP level 2. HP: 20/22 MP: 5/5
   968 | D:1      | Reached skill level 5 in Polearms
   968 | D:1      | Reached XP level 3. HP: 17/27 MP: 6/6
  1176 | D:1      | Learned a level 3 spell: Regeneration
  2305 | D:2      | Reached skill level 6 in Polearms
  2405 | D:2      | Reached XP level 4. HP: 20/33 MP: 7/7
  3361 | D:3      | HP: 2/33 [adder (2)]
  3362 | D:3      | Slain by an adder

Vault maps used:
D:1:      dpeg_arrival_tiny_a
D:2:      lemuel_upstairs_altar, first_bread
D:3:      lemuel_crystal_altar, makhleb_grotto_becter, serial_undead,
          serial_undead_b, serial_undead_b, serial_undead_b, serial_undead_a,
          serial_undead_d, serial_undead_b, okawaru_metal_pillars_1_2

Action                   |  1- 3 |  4- 6 || total
-------------------------+-------+-------++-------
Melee: Spear             |   208 |    93 ||   301
Throw: Stone             |     1 |       ||     1
 Stab: Sleeping          |     1 |     1 ||     2
  Eat: Chunk             |    10 |     9 ||    19
